 Dungeon Crawl Stone Soup version 0.29-a0-100-g60f898f876 (webtiles) character file.

Game seed: 17289552617846645137

6236 lunkers the Spear-Bearer (level 10, -7/83 HPs)
             Began as a Merfolk Abyssal Knight on Feb 10, 2022.
             Was a Priest of Lugonu.
             Mangled by a tengu warrior (10 damage)
             ... on level 9 of the Dungeon on Feb 14, 2022.
             The game lasted 00:19:05 (11589 turns).

lunkers the Spear-Bearer (Merfolk Abyssal Knight)  Turns: 11589, Time: 00:19:05

Health: -7/83      AC:  8    Str: 14    XL:     10   Next: 93%
Magic:  1/16       EV: 18    Int:  9    God:    Lugonu [***...]
Gold:   634        SH:  0    Dex: 19    Spells: 9/9 levels left

rFire   + . .      SeeInvis .   a - +3 halberd (freeze)
rCold   . . .      Faith    .   (shield currently unavailable)
rNeg    . . .      Spirit   .   l - +3 leather armour {rPois}
rPois   +          Reflect  .   (no helmet)
rElec   .          Harm     .   (no cloak)
rCorr   .          Rampage  .   k - +0 pair of gloves
Will    +....                   o - +0 pair of boots
Stlth   +.........              (no amulet)
HPRegen 0.23/turn               i - ring of willpower
MPRegen 0.15/turn               p - ring of protection from fire

@: mighty
A: (nimble swimmer 2), mertail
a: Renounce Religion, Depart the Abyss, Bend Space, Banish


You were on level 9 of the Dungeon.
You worshipped Lugonu.
Lugonu was most pleased with you.
You visited 1 branch of the dungeon, and saw 9 of its levels.
You visited the Abyss 1 time.

You collected 634 gold pieces.

Inventory:

Hand Weapons
 a - a +3 halberd of freezing (weapon)
 A - a +2 spear
Armour
 k - a +0 pair of gloves (worn)
 l - a +3 leather armour of poison resistance (worn)
 o - a +0 pair of boots (worn)
Jewellery
 i - a ring of willpower (left hand)
 p - a ring of protection from fire (right hand)
Wands
 b - a wand of iceblast (6)
 h - a wand of acid (8)
 q - a wand of paralysis (10)
Scrolls
 g - 4 scrolls of enchant weapon
 j - 2 scrolls of brand weapon {unknown}
 m - a scroll of teleportation {unknown}
 r - a scroll of vulnerability {unknown}
 s - 3 scrolls of immolation {unknown}
 u - 2 scrolls of magic mapping {unknown}
 v - a scroll of silence {unknown}
 y - 2 scrolls of torment {unknown}
 B - 2 scrolls of fear
 C - a scroll of amnesia {unknown}
Potions
 c - 3 potions of flight
 d - 4 potions of lignification
 e - 2 potions of invisibility
 f - 2 potions of attraction {unknown}
 n - 2 potions of might
 t - 2 potions of heal wounds {unknown}
 w - a potion of resistance {unknown}
 x - 3 potions of curing {unknown}
 z - a potion of berserk rage {unknown}


   Skills:
 + Level 9.5 Fighting
 - Level 12.0 Polearms
 - Level 0.6 Armour
 + Level 10.8 Dodging
 + Level 9.1 Invocations


You had 9 spell levels left.
You didn't know any spells.
Your spell library contained the following spells:

 Spells                   Type           Power      Damage    Failure   Level
 Animate Skeleton         Necr           0%         N/A       45%         1
 Apportation              Tloc           0%         N/A       45%         1
 Beastly Appendage        Tmut           0%         N/A       45%         1
 Summon Small Mammal      Summ           0%         N/A       45%         1
 Corpse Rot               Necr/Air       0%         N/A       61%         2
 Ensorcelled Hibernation  Hex/Ice        0%         N/A       61%         2
 Passwall                 Tmut/Erth      0%         N/A       61%         2
 Poisonous Vapours        Pois/Air       0%         N/A       61%         2
 Wereblood                Tmut           0%         N/A       61%         2
 Inner Flame              Hex/Fire       0%         N/A       83%         3
 Spider Form              Tmut/Pois      0%         N/A       83%         3
 Swiftness                Air            0%         N/A       83%         3
 Cause Fear               Hex            0%         N/A       99%         4
 Lee's Rapid Deconstruct  Erth           0%         3d5*      100%        5
 Dragon Form              Tmut           0%         N/A       100%        7
 Ignition                 Fire           0%         3d3       100%        8
 Dragon's Call            Summ           0%         N/A       100%        9


Dungeon Overview and Level Annotations

Branches:
Dungeon (9/15)             Temple (0/1) D:6
   Lair: D:8-11         Orc: D:9-12

Altars:
Cheibriados
Elyvilon
Fedhas
Gozag
Kikubaaqudgha
Okawaru
Ru
Trog
Uskayaw
Wu Jian
The Shining One
Beogh

Annotations:
D:7 3 runed translucent doors, Sweetruy1997's ghost, novice DsCK
Abyss:1 Joseph, Pikel


Innate Abilities, Weirdness & Mutations

((You are very nimble when in or above water. (Stealth+, EV+, Speed+++)))
Your lower body shifts to a powerful aquatic tail in water.


Message History

Reach: a) +3 halberd (freeze)
Press: ? - help, Dir - move target, f/p - tengu warrior
Aim: a tengu warrior, wielding a +3 falchion of holy wrath, wearing a +2 robe of willpower and wearing a +0 buckler (about 50% to evade your +3 halberd of freezing)
The tengu warrior blocks your attack.
The tengu warrior hits you with a +3 falchion of holy wrath.
* * * LOW HITPOINT WARNING * * *
The tengu warrior pecks you.
* * * LOW HITPOINT WARNING * * *
The tengu warrior claws you but does no damage.
Reach: a) +3 halberd (freeze)
Press: ? - help, Dir - move target, f/p - tengu warrior
Aim: a tengu warrior, wielding a +3 falchion of holy wrath, wearing a +2 robe of willpower and wearing a +0 buckler (about 50% to evade your +3 halberd of freezing)
The tengu warrior blocks your attack. The tengu warrior closely misses you.
The tengu warrior pecks you.
* * * LOW HITPOINT WARNING * * *
The tengu warrior claws you but does no damage.
Reach: a) +3 halberd (freeze)
Press: ? - help, Dir - move target, f/p - tengu warrior
Aim: a tengu warrior, wielding a +3 falchion of holy wrath, wearing a +2 robe of willpower and wearing a +0 buckler (about 50% to evade your +3 halberd of freezing)
You puncture the tengu warrior! You freeze the tengu warrior.
The tengu warrior is moderately wounded.
The tengu warrior hits you with a +3 falchion of holy wrath!
* * * LOW HITPOINT WARNING * * *
The tengu warrior pecks you but does no damage.
The tengu warrior closely misses you.
Unknown command.
Reach: a) +3 halberd (freeze)
Press: ? - help, Dir - move target, f/p - tengu warrior
Aim: a tengu warrior, wielding a +3 falchion of holy wrath, wearing a +2 robe of willpower and wearing a +0 buckler (moderately wounded, about 50% to evade your +3 halberd of freezing)
You miss the tengu warrior.
The tengu warrior is moderately wounded.
Unknown command.
Unknown command.
Reach: a) +3 halberd (freeze)
Press: ? - help, Dir - move target, f/p - tengu warrior
Aim: a tengu warrior, wielding a +3 falchion of holy wrath, wearing a +2 robe of willpower and wearing a +0 buckler (moderately wounded, about 50% to evade your +3 halberd of freezing)
You closely miss the tengu warrior.
The tengu warrior is moderately wounded.
The tengu warrior hits you with a +3 falchion of holy wrath!
You die...

...........######.....#..........
...........#....#.....#..........
...........'....#.....####'##....
######.....#....#.....#....##...#
#....#.....#....#.....#.........#
#....#.>.>.####'#.....#.........'
#....#######....#.....#.........#
.......>...#....#.....#.........#
#.....9....'....@Q...)#.........#
....).......)........)#'#####...#
###o#########.#####.....)...#...#
.... #.# #.....)...#...# ###'##
#.# #.........#...# ... ...
#...(.....#####


oo. #.. #.............. #8## .....######..... ..# ###...#....#..... You could
see a tengu warrior.

Vanquished Creatures
  A two-headed ogre (D:8)
  A komodo dragon (D:7)
  3 wyverns
  A water moccasin (D:7)
  A black bear (D:7)
  2 orc warriors
  An ogre (D:7)
  A sky beast (D:5)
  2 necrophages
  2 centaurs (D:9)
  A kobold brigand (D:8)
  3 bullfrogs
  3 scorpions (D:7)
  A water moccasin skeleton (D:5)
  7 wights
  5 killer bees (D:8)
  A howler monkey (D:4)
  A vampire bat (D:3)
  5 centaur zombies
  A bullfrog zombie (D:4)
  3 orc priests
  4 jellies
  A bullfrog skeleton (D:5)
  A hound (D:4)
  A gnoll shaman (D:5)
  3 iguanas
  3 orc wizards
  2 howler monkey zombies (D:9)
  6 gnolls
  2 adders (D:4)
  3 fire bats (D:3)
  20 orcs
  2 spectral bats (D:3)
  11 ball pythons
  3 bat skeletons (D:3)
  A bat zombie (D:3)
  7 endoplasms
  4 giant cockroaches
  3 hobgoblins
  6 jackals
  A quokka (D:3)
  12 bats
  A bat simulacrum (D:3)
  6 frilled lizards
  6 goblins
  13 kobolds
  A quokka skeleton (D:4)
  9 rats
178 creatures vanquished.

Vanquished Creatures (others)
  An orc wizard (D:4)
1 creature vanquished.

Grand Total: 179 creatures vanquished

Notes
Turn   | Place    | Note
-------+----------+-------------------------------------------
     0 | Abyss:1  | lunkers the Merfolk Abyssal Knight began the quest for the
                  | Orb.
     0 | Abyss:1  | Reached XP level 1. HP: 18/18 MP: 2/2
    15 | Abyss:1  | Found a sparkling altar of Nemelex Xobeh.
    19 | D:1      | Escaped the Abyss
   210 | D:1      | Reached XP level 2. HP: 24/24 MP: 3/3
   271 | D:1      | Found a faded altar of an unknown god.
   866 | D:1      | You fall into a shaft and drop 1 floor!
   874 | D:2      | Reached XP level 3. HP: 19/29 MP: 4/4
  1129 | D:2      | Reached ** piety under Lugonu
  1130 | D:2      | Reached skill level 4 in Polearms
  1890 | D:3      | Reached XP level 4. HP: 37/37 MP: 5/5
  1921 | D:3      | Reached skill level 5 in Polearms
  1975 | D:3      | Reached XP level 5. HP: 9/42 MP: 7/7
  2404 | D:3      | Reached *** piety under Lugonu
  2659 | D:4      | Reached skill level 6 in Polearms
  2659 | D:4      | Reached XP level 6. HP: 28/49 MP: 8/8
  3466 | D:4      | Reached skill level 7 in Polearms
  3466 | D:4      | Reached XP level 7. HP: 43/55 MP: 9/9
  3560 | D:4      | Found an iron altar of Okawaru.
  3561 | D:4      | Found an opulent altar of Gozag.
  4094 | D:4      | Found an ornate altar of the Wu Jian Council.
  4174 | D:5      | Entered Level 5 of the Dungeon
  4296 | D:5      | Reached skill level 5 in Dodging
  4590 | D:5      | Reached skill level 5 in Fighting
  5178 | D:5      | Reached skill level 8 in Polearms
  5617 | D:5      | Reached XP level 8. HP: 52/63 MP: 11/11
  6064 | D:6      | Noticed Pikel
  6065 | D:6      | Found a staircase to the Ecumenical Temple.
  6090 | D:6      | Banished Pikel
  6091 | D:6      | Reached skill level 9 in Polearms
  6091 | D:6      | Reached skill level 5 in Invocations
  6377 | D:6      | Noticed a hornet
  6384 | D:6      | Banished a hornet
  6385 | D:6      | Reached skill level 10 in Polearms
  7394 | D:7      | Noticed Joseph
  7401 | D:7      | Banished Joseph
  7402 | D:7      | Reached skill level 11 in Polearms
  7402 | D:7      | Reached XP level 9. HP: 7/71 MP: 4/13
  7806 | D:7      | Noticed a komodo dragon
  7809 | D:7      | Killed a komodo dragon
  7856 | D:7      | Found a bloodstained altar of Trog.
  8182 | D:7      | Found a runed translucent gate.
  8182 | D:7      | Found a runed translucent gate.
  8183 | D:7      | Found a runed translucent gate.
  8185 | D:7      | Noticed Sweetruy1997's ghost (novice DsCK)
  8291 | D:7      | Reached skill level 12 in Polearms
  8919 | D:7      | Reached XP level 10. HP: 80/80 MP: 15/15
 10195 | D:8      | Noticed a two-headed ogre
 10207 | D:8      | Killed a two-headed ogre
 10416 | D:8      | Found a sacrificial altar of Ru.
 10416 | D:8      | Found a snail-covered altar of Cheibriados.
 10554 | D:9      | Found an ancient bone altar of Kikubaaqudgha.
 10554 | D:9      | Found a blossoming altar of Fedhas.
 10672 | D:9      | Reached skill level 10 in Dodging
 10672 | D:9      | Reached **** piety under Lugonu
 10769 | D:9      | Found a glowing golden altar of the Shining One.
 10780 | D:9      | Got the Collected Works on the Igneous Mountains
 10925 | D:9      | Found a hide-covered altar of Uskayaw.
 11055 | D:9      | Found a white marble altar of Elyvilon.
 11259 | D:9      | Noticed a boulder beetle
 11260 | D:9      | Upgraded the game from 0.29-a0-96-g93358da72b to
                  | 0.29-a0-100-g60f898f876
 11271 | D:9      | Banished a boulder beetle
 11273 | D:9      | Noticed a green ugly thing
 11276 | D:9      | Banished a green ugly thing
 11281 | D:9      | Noticed a gargoyle
 11286 | D:9      | Noticed an orc knight
 11571 | D:9      | Noticed a tengu warrior
 11587 | D:9      | HP: 2/83 [tengu warrior (9)]
 11589 | D:9      | Mangled by a tengu warrior

Illustrated notes

Levels and vault maps discovered:
D:1:      saegor_arrival_simple_c, layout_rooms,
          hellmonk_ecumenical_altar_lost_god, palyth_stone_intersect,
          minmay_hedge_maze, glass_columns_a
D:2:      layout_loops_ring, grunt_decor_arrowhead, bh_walls_and_bars
D:3:      layout_rooms, goddamned_bats
D:4:      layout_basic, nzn_wu_jian_contemplation, minitemple
D:5:      layout_cave_pods
D:6:      layout_basic, minmay_temple_entry_arrows, minmay_misc_feat_nine_boxes,
          uniq_pikel
D:7:      layout_loops_corners, trog_butcher_becter, biasface_ghost_orc_armoury,
          uniq_joseph
D:8:      layout_gridville, gammafunk_temple_overflow_wave
D:9:      layout_gridville, grunt_temple_overflow_growth_and_decay,
          grunt_temple_overflow_order_and_chaos_2, overflow_temple_1_default,
          nicolae_overflow_squiral, ebering_dispersal_statue_hall,
          minmay_the_grid_2x2 [minmay_the_grid_armoury,
          minmay_the_grid_tri_star, minmay_the_grid_aliased_spiral,
          minmay_the_grid_prize_trominoes]

Skill      XL: |  1  2  3  4  5  6  7  8  9 10 |
---------------+-------------------------------+-----
Dodging        | 3 4 5 7 8 10 | 10.8
Polearms       | 4 5 6 7 8 11 12 | 12.0
Fighting       | 4 5 6 7 9 |  9.5
Invocations    | 3 4 6 7 9 |  9.1
Armour         | |  0.6

Action                   |  1- 3 |  4- 6 |  7- 9 | 10-12 || total
-------------------------+-------+-------+-------+-------++-------
Melee: Spear             |   135 |   269 |   213 |       ||   617
       Punch             |     2 |     6 |     3 |       ||    11
       Halberd           |       |       |   101 |   199 ||   300
Invok: Banish            |       |       |     6 |     8 ||    14
  Use: Scroll            |     1 |       |     5 |     1 ||     7
       Potion            |       |       |       |     1 ||     1
 Stab: Sleeping          |     5 |     3 |     4 |     2 ||    14
       Distracted        |       |       |       |     1 ||     1
Armor: Leather armour    |    48 |    94 |    51 |    59 ||   252
Dodge: Dodged            |    73 |   179 |   139 |   237 ||   628

Table legend: (Time is in decaauts)
 A = Elapsed time spent in this place.
 B = Non-inter-level travel time spent in this place.
 C = Inter-level travel time spent in this place.
 D = Time resting spent in this place.
 E = Time spent auto-exploring this place.
 F = Levels seen in this place.
 G = Mean time per level.
                   A        B        C        D        E       F      G
               +--------+--------+--------+--------+--------+-----+--------+
         Total |  11428 |  11008 |    420 |    720 |   8765 |  10 | 1142.8 |
       Dungeon |  11409 |  10989 |    420 |    720 |   8750 |   9 | 1267.7 |
         Abyss |     19 |     19 |      0 |      0 |     15 |   1 |   19.0 |
               +--------+--------+--------+--------+--------+-----+--------+

Top non-repeatable levels by time:
     D:7: 1786 daAuts
     D:5: 1642 daAuts
     D:6: 1485 daAuts
     D:8: 1311 daAuts
     D:4: 1182 daAuts
     D:3: 1147 daAuts
     D:9: 1067 daAuts
     D:2: 943 daAuts
     D:1: 842 daAuts
 Abyss:1: 19 daAuts
